 Dungeon Crawl Stone Soup version 0.16-a0-2736-g1697cd3 (webtiles) character file.

242241 ketsa the Brawler (level 19, -6/127 HPs)
             Began as a Gargoyle Monk on Nov 24, 2014.
             Was the Champion of Makhleb.
             Mangled by a stone giant (14 damage)
             ... while paralysed by a great orb of eyes
             ... on level 2 of the Vaults on Nov 26, 2014.
             The game lasted 05:10:40 (58615 turns).

ketsa the Brawler (Gargoyle Monk)                  Turns: 58615, Time: 05:10:40

Health: -6/127     AC: 48    Str: 27    XL:     19   Next: 83%
Magic:  0/32       EV:  2    Int: 17    God:    Makhleb [******]
Gold:   1830       SH:  0    Dex: 16    Spells: 2 memorised, 23 levels left

rFire  + . .     SeeInvis .       - Unarmed
rCold  . . .     Clarity  +     H - +1 plate armour {rF+}
rNeg   + . .     SustAb   .     A - +2 shield of Tulips {Spirit, +Rage rCorr}
rPois  ∞         Gourm    .     w - +1 helmet
rElec  +         Spirit   +     v - +0 cloak "Begepn" {Str+3 Int+5}
rCorr  +         Warding  .     i - +2 pair of gloves {Str+3}
rMut   .         Stasis   .     y - +2 pair of boots {run}
MR     +....                    r - amulet of clarity
Stlth  ..........               I - +4 ring of protection
                                o - +3 ring of dexterity

@: paralysed, flying, quick, somewhat resistant to hostile enchantments,
extremely unstealthy
A: able to fly continuously, big wings, negative energy resistance 1,
electricity resistance, unbreathing, petrification resistance, rot immunity, AC
+13
a: Stop Flying, Minor Destruction, Lesser Servant of Makhleb, Major Destruction,
Greater Servant of Makhleb, Renounce Religion, Evoke Berserk Rage
}: 1/15 runes: serpentine


You were on level 2 of the Vaults.
You worshipped Makhleb.
Makhleb was exalted by your worship.
You were not hungry.

You visited 8 branches of the dungeon, and saw 42 of its levels.

You collected 3904 gold pieces.
You spent 2074 gold pieces at shops.

Inventory:

Hand weapons
 B - a +0 blowgun
Missiles
 m - 71 stones (quivered)
 n - 5 curare-tipped needles
 R - 8 needles of sleeping
 X - 10 poisoned needles
Armour
 i - a +2 pair of gloves of strength (worn)
 v - the +0 cloak "Begepn" (worn) {Str+3 Int+5}
   (You bought it in a shop on level 2 of the Vaults)

   It affects your strength (+3).
   It affects your intelligence (+5).
 w - a +1 helmet (worn)
 x - a +2 plate armour of cold resistance
 y - a +2 pair of boots of running (worn)
 A - the +2 shield of Tulips (worn) {Spirit, +Rage rCorr}
   (You took it off Donald on level 1 of the Swamp)

   It lets you go berserk.
   It protects you from acid and corrosion.
 H - a +1 plate armour of fire resistance (worn)
 M - a +2 cloak
 T - a +3 chain mail of magic resistance
Jewellery
 o - a +3 ring of dexterity (left hand)
 r - an amulet of clarity (around neck)
 C - an uncursed ring of teleport control
 E - the ring "Nethet" {+/*Tele Str+4}
   (You took it off an orc on level 6 of the Dungeon)

   [ring of teleportation]

   It causes random teleportation, and can be evoked to teleport at will.
   It affects your strength (+4).
 I - a +4 ring of protection (right hand)
 J - an uncursed ring of positive energy
 V - an uncursed amulet of guardian spirit
 W - an uncursed ring of protection from cold
Magical devices
 d - a wand of cold (6)
 g - a wand of disintegration (15)
 k - a wand of draining (0)
 G - a wand of enslavement (6)
 K - a wand of digging (6)
 L - a wand of flame (24)
 O - a wand of draining (7)
Scrolls
 h - 14 scrolls of identify
 j - 3 scrolls of teleportation
 p - a scroll of recharging
 q - 2 scrolls of enchant armour
 t - 6 scrolls of remove curse
 Z - 2 scrolls of magic mapping
Potions
 e - 2 potions of heal wounds
 f - a potion of might
 s - 8 potions of curing
 u - 2 potions of agility
 D - 3 potions of cancellation
 Q - 3 potions of restore abilities
 U - 2 potions of berserk rage
 Y - 2 potions of haste
Books
 S - a book of Spatial Translocations

   Spells                             Type                      Level
   *Apportation                       Translocation                1
   *Blink                             Translocation                2
   Shroud of Golubria                 Charms/Translocation         2
   Portal Projectile                  Translocation                3
   Teleport Other                     Translocation                3
   Passage of Golubria                Translocation                4
Miscellaneous
 a - a box of beasts {used: 1}
 F - a stone of tremors
Comestibles
 b - 25 bread rations
 c - 17 fruits
 l - 10 chunks of flesh
 N - 19 meat rations
 P - 15 royal jellies


   Skills:
 + Level 16.5 Fighting
 + Level 4.8 Throwing
 - Level 16.6 Armour
 + Level 4.1 Dodging
 - Level 2.1 Stealth
 + Level 12.9 Shields
 - Level 18.7 Unarmed Combat
 - Level 4.3 Spellcasting
 + Level 6.0 Translocations
 - Level 11.0 Invocations
 - Level 8.0 Evocations


You had 23 spell levels left.
You knew the following spells:

 Your Spells              Type           Power        Failure   Level  Hunger
a - Apportation           Tloc           ###.......   12%         1    None
b - Blink                 Tloc           N/A          14%         2    ##.....


Dungeon Overview and Level Annotations

Branches:
Dungeon (15/15)            Temple (1/1) D:7            Lair (8/8) D:9
  Swamp (5/5) Lair:4        Snake (5/5) Lair:3        Slime (0/6) Lair:7
    Orc (4/4) D:9             Elf (1/3) Orc:3        Vaults (3/5) D:13
 Depths (0/5) D:15
  Crypt: Vaults:2-3

Altars:
Ashenzari
Cheibriados
Dithmenos
Elyvilon
Fedhas
Gozag
Kikubaaqudgha
Makhleb
Nemelex Xobeh
Okawaru
Qazlal
Ru
Sif Muna
Trog
Vehumet
Xom
Yredelemnul
Zin
The Shining One
Beogh

Shops:
D:10 *   D:12 *   D:14 *   Orc:4 *}=:   Snake:4 [*   Vaults:1 }   Vaults:2 [*

Annotations:
D:6 exclusion: upstairs
D:9 exclusion: 2 downstairs
Lair:2 exclusion: downstairs
Lair:7 exclusion: oklob plant
Swamp:3 exclusion: Roxanne, Roxanne
Swamp:4 exclusion: 2 downstairs
Swamp:5 Mara
Snake:5 Vashnia
Vaults:1 exclusion: downstairs
Vaults:2 Saint Roka


Innate Abilities, Weirdness & Mutations

You are resistant to torment.
You are immune to poison.
You can fly continuously.
Your stone body is very resilient (AC +13).
Your wings are large and strong.
You resist negative energy.
You are resistant to electric shocks.
You can survive without breathing.
You are immune to petrification.
You are immune to rotting.


Message History

The great orb of eyes gazes at you.
You barely resist.
The ironbrand convoker gestures at the ironheart preserver while chanting.
The ironheart preserver seems to grow stronger.
The stone giant hits you!!!
* * * LOW HITPOINT WARNING * * *
The draconian hits you but does no damage.
The ironbrand convoker hits you but does no damage.
The great orb of eyes gazes at you.
You barely resist.
The ironbrand convoker hits you with a flail.
* * * LOW HITPOINT WARNING * * *
The stone giant hits you!!
* * * LOW HITPOINT WARNING * * *
The draconian hits you but does no damage.
The great orb of eyes bites you.
* * * LOW HITPOINT WARNING * * *
The ironbrand convoker hits you but does no damage.
The stone giant hits you!
You die...

#.#.....#.# ####.....#
#..#####(.# #######
#..#####..# #.#.....#.#
##.......## #.#.....#.#
#..#####..# #..#####d.#
#.#.oTp@#.# ##...oCpG##
##### ##..opo## #....
####'#)###### #....
#..)..))....# . #....
#...........# ... #..<.
#.......p...+ .... #....
#.......p...#..... #....
#...........#......+....


You could see a stone giant, an ironheart preserver, an orc knight, a great orb
of eyes, a draconian, 2 ironbrand convokers, a troll and 3 orcs.

Vanquished Creatures
  A tentacled monstrosity (Vaults:1)
  2 thorn hunters (Swamp:3)
  Agnes (Snake:3)
  A great orb of eyes (Vaults:1)
  7 greater nagas
  Maud (Swamp:1)
  An orc warlord (Orc:4)
  7 vault wardens
  2 stone giants (Vaults:2)
  4 rakshasas (Vaults:1)
  A very ugly thing (Vaults:1)
  The ghost of hackum the Martial Artist, a powerful DgTm (Orc:3)
  Azrael (Snake:4)
  4 vault guards
  3 ironheart preservers (Vaults:1)
  2 ettins
  3 yaktaur captains
  3 fire dragons
  Fannar (Lair:5)
  18 hydras
  13 naga warriors
  2 ice dragons
  8 anacondas
  2 ghost crabs (Swamp:2)
  7 alligators
  2 dancing weapons (D:13)
  2 centaur warriors
  2 tengu warriors
  A deep troll earth mage (Vaults:1)
  10 naga sharpshooters
  A deep troll shaman (Vaults:1)
  16 death yaks
  7 shock serpents
  2 catoblepae (D:15)
  Nergalle (Lair:1)
  The ghost of utis the Basher, an experienced KoFi of Elyvilon (Lair:1)
  5 salamander mystics
  6 deep elf knights
  5 swamp dragons
  5 naga ritualists
  4 unseen horrors
  A sea snake (shapeshifter) (Vaults:1)
  A spectral anaconda (Swamp:2)
  4 deep trolls (Vaults:1)
  A deep elf summoner (Vaults:1)
  2 shambling mangroves
  6 ironbrand convokers
  A necromancer (Swamp:4)
  13 hill giants
  2 deep elf conjurers
  6 orc knights
  8 mana vipers
  4 cyclopes
  3 wolf spiders (Vaults:1)
  4 wolf spider zombies
  6 ugly things
  A salamander (shapeshifter) (Vaults:2)
  An orc sorcerer (Orc:3)
  A draconian (shapeshifter) (Vaults:1)
  15 salamanders
  5 griffons
  12 elephants (Lair:8)
  Joseph (D:9)
  3 vault sentinels
  13 naga magi
  19 black mambas
  2 efreet
  A komodo dragon (shapeshifter) (Vaults:3)
  3 gargoyles
  19 yaktaurs
  20 spiny frogs
  8 komodo dragons
  2 fire drakes
  2 kobold demonologists
  5 trolls
  2 tengu conjurers
  A queen bee (shapeshifter) (D:15)
  A deep elf priest (D:15)
  A freezing wraith (Vaults:1)
  A hydra zombie (Swamp:4)
  3 spriggan druids
  7 polar bears (Lair:8)
  A fire drake (shapeshifter) (D:15)
  5 blink frogs (Lair:7)
  A queen bee (D:14)
  Grinder (D:5)
  Prince Ribbit (D:5)
  3 giant leeches
  4 bog bodies
  10 baby alligators
  18 ravens
  A red wasp zombie (Swamp:4)
  A boulder beetle (Vaults:1)
  2 raiju (shapeshifter)
  A trapdoor spider zombie (D:8)
  3 basilisks
  5 shadows
  20 slime creatures
  13 spriggans
  A centaur simulacrum (D:14)
  5 redbacks (Lair:8)
  A trapdoor spider (D:9)
  A vampire (D:14)
  30 yaks
  3 wraiths
  4 deep elf magi
  Eustachio (D:4)
  8 hippogriffs
  5 deep elf fighters
  A giant leech zombie (Swamp:4)
  2 wyverns
  2 hungry ghosts
  4 fire elementals
  37 wolves
  4 wargs
  24 vampire mosquitoes
  22 swamp worms
  26 water moccasins
  A water moccasin (shapeshifter) (Vaults:2)
  59 nagas
  3 ice beasts
  A mottled dragon (D:14)
  4 hell hounds
  An ogre (shapeshifter) (D:13)
  6 swamp drakes
  5 yellow wasps
  7 porcupines
  14 centaurs
  9 ogres
  3 phantoms
  13 black bears
  3 sky beasts
  2 eyes of draining
  22 crocodiles
  43 orc warriors
  2 boring beetles (Lair:6)
  2 necrophages
  Sigmund (D:3)
  Duvessa (D:5)
  A gnoll sergeant (D:7)
  A wyvern zombie (D:14)
  2 big kobolds (D:10)
  21 giant frogs
  9 insubstantial wisps
  A water moccasin zombie (D:5)
  A wyvern skeleton (D:13)
  27 killer bees
  6 scorpions
  2 electric eels (D:10)
  13 wights
  5 crimson imps
  A goliath beetle (shapeshifter) (Vaults:1)
  30 orc priests
  A yellow wasp zombie (D:5)
  Dowan (D:5)
  2 giant frog zombies
  A goliath beetle (D:6)
  2 centaur zombies
  2 giant frog skeletons
  A quasit (D:4)
  8 centaur skeletons
  A gnoll shaman (D:6)
  7 jellies
  12 hounds
  36 orc wizards
  8 iguanas
  9 worker ants
  Natasha (thrice) (D:5)
  A crocodile zombie (Swamp:4)
  27 sheep
  Ijyb (D:6)
  2 hound zombies
  2 hound skeletons
  2 mummies (D:13)
  6 gnolls
  3 worker ant zombies
  30 adders
  103 river rats
  2 shadow imps
  2 worms
  2 giant mites
  2 adder skeletons
  An adder zombie (D:6)
  7 giant geckos
  5 oozes (D:11)
  156 orcs
  A bat skeleton (D:6)
  7 giant cockroaches
  18 goblins
  19 hobgoblins
  4 jackals
  15 quokkas
  A ball python (D:2)
  10 bats
  A giant gecko skeleton (D:4)
  6 giant newts
  A giant spore (D:8)
  A jackal zombie (D:9)
  38 kobolds
  17 rats
  4 ballistomycetes
  A briar patch (Swamp:3)
  A fungus (Swamp:3)
  3 plants
1566 creatures vanquished.

Vanquished Creatures (collateral kills)
  Frances (Snake:2)
  Donald (Swamp:1)
  A greater naga (Snake:3)
  A great orb of eyes (Vaults:1)
  2 fire dragons (Vaults:1)
  An ironheart preserver (Vaults:1)
  2 hydras
  2 naga warriors (Snake:4)
  2 shock serpents (Snake:2)
  4 naga sharpshooters
  2 deep trolls (Vaults:1)
  2 naga ritualists
  4 mana vipers
  2 guardian serpents
  2 naga magi (Snake:2)
  A yaktaur (Vaults:1)
  Sonja (Orc:4)
  2 polar bears (Lair:8)
  2 ravens (D:13)
  2 slime creatures (Vaults:1)
  A redback (Lair:8)
  2 spriggans (Lair:8)
  9 nagas
  3 wolves (Lair:8)
  2 yellow wasps (Lair:8)
  3 orc warriors (Orc:4)
  A crocodile (Swamp:1)
  4 centaurs (Orc:4)
  3 insubstantial wisps (Swamp:1)
  An orc priest (Orc:4)
  11 orcs
  A fungus (Lair:8)
78 creatures vanquished.

Vanquished Creatures (others)
  3 smoke demons
  An orc warrior (D:12)
  An iron imp (Snake:4)
  A hound (D:14)
  A river rat (Lair:7)
  A white imp (Snake:3)
  3 ufetubi
  2 giant spores
  A jackal skeleton (D:8)
  A ballistomycete (D:8)
  8 fungi
  8 plants
31 creatures vanquished.

Grand Total: 1675 creatures vanquished

Notes
Turn   | Place    | Note
--------------------------------------------------------------
     0 | D:1      | ketsa, the Gargoyle Monk, began the quest for the Orb.
     0 | D:1      | Reached XP level 1. HP: 14/14 MP: 1/1
   332 | D:1      | Reached XP level 2. HP: 14/19 MP: 2/2
  1028 | D:2      | Reached XP level 3. HP: 16/23 MP: 3/3
  1037 | D:2      | Found a radiant altar of Vehumet.
  1596 | D:2      | Reached skill level 5 in Unarmed Combat
  1596 | D:2      | Reached XP level 4. HP: 25/28 MP: 4/4
  2836 | D:3      | Noticed Sigmund
  3203 | D:4      | Noticed Eustachio
  3216 | D:4      | Reached XP level 5. HP: 33/33 MP: 5/5
  3225 | D:4      | Reached skill level 1 in Armour
  3660 | D:3      | Reached XP level 6. HP: 27/39 MP: 6/6
  4099 | D:5      | Entered Level 5 of the Dungeon
  4118 | D:5      | Noticed Dowan
  4119 | D:5      | Noticed Duvessa
  4352 | D:4      | Noticed an ogre
  4634 | D:5      | Noticed Ijyb
  4643 | D:5      | HP: 1/39 [Ijyb/club (2)]
  5049 | D:5      | Noticed Natasha
  5053 | D:5      | Noticed a hungry ghost
  5060 | D:5      | Killed Natasha
  5082 | D:5      | Killed a hungry ghost
  5082 | D:5      | Reached skill level 6 in Unarmed Combat
  5082 | D:5      | Reached XP level 7. HP: 25/44 MP: 7/7
  5208 | D:5      | Noticed Natasha
  5219 | D:5      | Killed Natasha
  5395 | D:6      | Reached skill level 5 in Fighting
  5581 | D:6      | Got a smoking rapier
  5582 | D:6      | Identified the +8 rapier "Mesurghe" {pierce, rElec rPois} (You found it on level 6 of the Dungeon)
  5634 | D:6      | Got a warped marble ring
  5638 | D:6      | Identified the ring "Nethet" {+/*Tele Str+4} (You took it off an orc on level 6 of the Dungeon)
  5959 | D:5      | Noticed Natasha
  5965 | D:5      | Killed Natasha
  6028 | D:5      | Got a distressingly furry leather armour
  6039 | D:5      | Identified the cursed -1 leather armour of Hairiness {Str-1 Slay-3 SInv} (You found it on level 5 of the Dungeon)
  6148 | D:5      | Reached skill level 5 in Armour
  6381 | D:5      | Noticed Prince Ribbit
  6386 | D:5      | Reached XP level 8. HP: 46/51 MP: 8/8
  6776 | D:6      | Reached skill level 7 in Unarmed Combat
  7024 | D:7      | Got a wizard robe
  7036 | D:7      | Identified the cursed -2 robe "Smuddas" {rF+ SInv} (You found it on level 7 of the Dungeon)
  7362 | D:6      | Reached skill level 1 in Throwing
  8389 | D:7      | Reached XP level 9. HP: 55/57 MP: 9/9
  8884 | D:7      | Found a staircase to the Ecumenical Temple.
  8894 | Temple   | Entered the Ecumenical Temple
  9039 | Temple   | Became a worshipper of Makhleb the Destroyer
  9039 | Temple   | Acquired Makhleb's first power
  9039 | Temple   | Acquired Makhleb's second power
  9160 | D:7      | Reached skill level 8 in Unarmed Combat
  9882 | D:5      | Killed Dowan
 10071 | D:5      | Noticed Grinder
 10079 | D:5      | Paralysed by Grinder for 4 turns
 10088 | D:5      | Killed Grinder
 10356 | D:6      | Killed Ijyb
 10870 | D:7      | Acquired Makhleb's third power
 10908 | D:8      | Reached skill level 1 in Shields
 11118 | D:8      | Reached XP level 10. HP: 51/64 MP: 10/10
 11930 | D:8      | Reached skill level 9 in Unarmed Combat
 12422 | D:10     | Entered Level 10 of the Dungeon
 12422 | D:10     | Found Ska Hogg's Assorted Antiques.
 12422 | D:10     | Noticed a hill giant
 12526 | D:9      | Acquired Makhleb's fourth power
 12761 | D:9      | Found a staircase to the Lair.
 12789 | Lair:1   | Entered Level 1 of the Lair of Beasts
 12889 | Lair:1   | Noticed utis' ghost (experienced KoFi)
 13372 | D:10     | Noticed a hill giant
 15155 | D:9      | Found a staircase to the Orcish Mines.
 15165 | Orc:1    | Entered Level 1 of the Orcish Mines
 15256 | Orc:1    | Found a roughly hewn altar of Beogh.
 15279 | D:9      | Reached skill level 5 in Shields
 15379 | Orc:1    | Noticed Joseph
 15444 | D:9      | Killed Joseph
 15782 | Orc:1    | Acquired Makhleb's fifth power
 15946 | Orc:1    | Reached skill level 1 in Invocations
 16174 | Orc:4    | Entered Level 4 of the Orcish Mines
 16183 | Orc:4    | Reached XP level 11. HP: 69/71 MP: 13/13
 16360 | Orc:1    | Reached skill level 10 in Unarmed Combat
 16518 | Lair:1   | Killed utis' ghost
 16780 | Lair:1   | Noticed Nergalle
 18464 | Lair:2   | Reached skill level 10 in Armour
 18729 | Lair:3   | Noticed a five-headed hydra
 18893 | Lair:3   | Found a staircase to the Snake Pit.
 18925 | Snake:1  | Entered Level 1 of the Snake Pit
 18925 | Snake:1  | Noticed an anaconda
 19297 | D:6      | Reached skill level 11 in Unarmed Combat
 19389 | D:5      | Killed Duvessa
 19450 | D:5      | Killed Prince Ribbit
 19801 | D:4      | Killed Eustachio
 19906 | D:3      | Killed Sigmund
 20272 | D:10     | Got a steaming plate armour
 20273 | D:10     | Identified the cursed +1 plate armour of Leapfrog {rF+ rN+ rCorr} (You found it on level 10 of the Dungeon)
 20359 | D:10     | Reached skill level 1 in Evocations
 20683 | D:10     | Noticed a hill giant
 20787 | D:9      | Reached skill level 5 in Invocations
 20797 | D:10     | Noticed a hill giant
 20802 | D:9      | Killed a hill giant
 20822 | D:10     | Killed a hill giant
 20822 | D:10     | Reached XP level 12. HP: 12/77 MP: 20/20
 21808 | D:10     | Killed a hill giant
 21820 | D:10     | Killed a hill giant
 21820 | D:10     | Reached skill level 12 in Unarmed Combat
 23922 | Lair:3   | Killed a five-headed hydra
 24461 | Lair:3   | Reached skill level 5 in Evocations
 24563 | Lair:3   | Reached skill level 13 in Unarmed Combat
 25029 | Lair:4   | Found a staircase to the Swamp.
 25054 | Swamp:1  | Entered Level 1 of the Swamp
 25303 | Lair:4   | Reached XP level 13. HP: 77/82 MP: 21/24
 25761 | Lair:5   | Reached skill level 10 in Fighting
 25789 | Lair:5   | Noticed Fannar
 25797 | Lair:5   | Killed Fannar
 26256 | Lair:5   | Noticed an eight-headed hydra
 26277 | Lair:5   | Killed an eight-headed hydra
 28027 | Lair:8   | Entered Level 8 of the Lair of Beasts
 28430 | Lair:7   | Reached skill level 14 in Unarmed Combat
 28985 | Lair:7   | Gained mutation: Your wings are large and strong. [gargoyle growth]
 28985 | Lair:7   | Reached XP level 14. HP: 88/88 MP: 25/27
 29356 | Lair:7   | Found a staircase to the Slime Pits.
 30884 | Lair:8   | Reached skill level 10 in Invocations
 30985 | Lair:8   | Reached skill level 15 in Unarmed Combat
 31671 | Lair:8   | Reached XP level 15. HP: 96/96 MP: 25/28
 32207 | Lair:1   | Killed Nergalle
 32562 | Orc:3    | Noticed hackum's ghost (powerful DgTm)
 32597 | Orc:3    | Killed hackum's ghost
 32972 | Orc:3    | Noticed an orc warlord
 33051 | Orc:4    | Noticed Sonja
 33061 | Orc:4    | Killed Sonja
 33157 | Orc:4    | Noticed an orc knight
 33237 | Orc:4    | Noticed an orc knight
 33263 | Orc:4    | Noticed an orc knight
 33328 | Orc:3    | Killed an orc knight
 34372 | D:12     | Found Ybikuit's Assorted Antiques.
 34740 | D:12     | Reached skill level 16 in Unarmed Combat
 35523 | D:12     | Upgraded the game from 0.16-a0-2675-g216447c to 0.16-a0-2702-gfff482a
 36168 | D:13     | Found a gate to the Vaults.
 36703 | D:15     | Entered Level 15 of the Dungeon
 36907 | D:14     | Found Gozag's Platinum Reserve.
 37000 | D:14     | Found an opulent altar of Gozag.
 38421 | D:15     | Reached XP level 16. HP: 104/104 MP: 27/29
 38999 | D:15     | Found a staircase to the Depths.
 39571 | Snake:1  | Killed an anaconda
 39798 | Snake:1  | Noticed an anaconda
 39818 | Snake:1  | Killed an anaconda
 40701 | Snake:2  | Noticed Frances
 40711 | Snake:2  | Killed Frances
 40839 | Snake:2  | Reached skill level 17 in Unarmed Combat
 41748 | Swamp:1  | Noticed Donald
 41765 | Swamp:1  | Killed Donald
 41768 | Swamp:1  | Got a shimmering shield {Donald}
 41779 | Swamp:1  | Identified the +2 shield of Tulips {Spirit, +Rage rCorr} (You took it off Donald on level 1 of the Swamp)
 42124 | Swamp:1  | Noticed Maud
 42266 | Swamp:1  | Killed Maud
 42372 | Swamp:1  | Noticed an alligator
 42389 | Swamp:1  | Killed an alligator
 42536 | Swamp:2  | Identified a scroll of acquirement
 42539 | Swamp:2  | Got a pair of warped boots
 42545 | Swamp:2  | Identified the -3 pair of boots of the Poles {Stlth+} (You acquired it on level 2 of the Swamp)
 43510 | Swamp:3  | Noticed Roxanne
 43678 | Swamp:3  | Reached XP level 17. HP: 102/112 MP: 25/30
 43829 | Swamp:3  | Noticed a thorn hunter
 43940 | Swamp:3  | Got a pair of distressingly furry gloves
 43946 | Swamp:3  | Identified the cursed +0 pair of gloves of Liberalism {Int+5 Dex+3} (You found it on level 3 of the Swamp)
 44452 | Swamp:3  | Killed a thorn hunter
 44659 | Swamp:5  | Entered Level 5 of the Swamp
 44790 | Swamp:4  | Reached skill level 15 in Armour
 45440 | Swamp:5  | Noticed Mara
 46438 | Orc:3    | Found a staircase to the Elven Halls.
 46448 | Elf:1    | Entered Level 1 of the Elven Halls
 46563 | Orc:3    | Noticed an orc sorcerer
 46587 | Orc:3    | Killed an orc sorcerer
 47367 | Orc:4    | Killed an orc warlord
 47670 | Orc:4    | Found Fied's Gadget Boutique.
 47670 | Orc:4    | Found Edaewkie's Jewellery Emporium.
 47670 | Orc:4    | Found Nyumir's Book Shoppe.
 47673 | Orc:4    | Found Qeovas' Assorted Antiques.
 47726 | Orc:4    | Killed an orc knight
 48083 | Orc:4    | Bought a runed plate armour for 759 gold pieces
 48131 | Orc:4    | Bought a runed plate armour for 759 gold pieces
 48449 | Snake:3  | Noticed Agnes
 48466 | Snake:3  | Killed Agnes
 48683 | Snake:3  | Reached skill level 15 in Fighting
 48766 | Snake:3  | Reached skill level 10 in Shields
 49261 | Snake:5  | Entered Level 5 of the Snake Pit
 49403 | Snake:5  | Noticed Vashnia
 49574 | Snake:4  | Reached skill level 18 in Unarmed Combat
 49799 | Snake:4  | Reached XP level 18. HP: 115/119 MP: 20/31
 49863 | Snake:4  | Found Pleufiz's Assorted Antiques.
 50046 | Snake:4  | Noticed Azrael
 50700 | Snake:4  | Bought a potion of curing for 60 gold pieces
 50743 | Snake:4  | Learned a level 1 spell: Apportation
 50883 | Snake:4  | Found Arerruim's Armour Boutique.
 50949 | Snake:4  | Killed Azrael
 51066 | Snake:4  | Reached skill level 1 in Translocations
 51081 | Snake:4  | Reached skill level 1 in Spellcasting
 53350 | Snake:5  | Got a serpentine rune of Zot
 53934 | Vaults:1 | Entered Level 1 of the Vaults
 54264 | Vaults:1 | Found Smaech's Gadget Shoppe.
 54278 | Vaults:1 | Noticed a tentacled monstrosity
 54623 | Vaults:1 | Reached XP level 19. HP: 125/125 MP: 30/32
 55088 | Vaults:1 | Paralysed by a great orb of eyes for 3 turns
 55121 | Vaults:1 | Paralysed by a great orb of eyes for 6 turns
 55129 | Vaults:1 | Paralysed by a great orb of eyes for 7 turns
 55646 | Vaults:1 | Killed a tentacled monstrosity
 56565 | Vaults:2 | Found Eghiph's Antique Armour Emporium.
 56570 | Vaults:2 | Bought a smoking cloak for 256 gold pieces
 56581 | Vaults:2 | Identified the +0 cloak "Begepn" {Str+3 Int+5} (You bought it in a shop on level 2 of the Vaults)
 56581 | Vaults:2 | Upgraded the game from 0.16-a0-2702-gfff482a to 0.16-a0-2736-g1697cd3
 56864 | Vaults:2 | Learned a level 2 spell: Blink
 57051 | Vaults:1 | Reached skill level 5 in Translocations
 57937 | Vaults:2 | Found Naxiguk's Assorted Antiques.
 57944 | Vaults:2 | Bought a potion of curing for 96 gold pieces
 57947 | Vaults:2 | Bought a pair of runed boots for 144 gold pieces
 57957 | Vaults:2 | Identified a +2 pair of boots of running (You bought it in a shop on level 2 of the Vaults)
 58188 | Vaults:2 | Noticed Saint Roka
 58610 | Vaults:2 | Paralysed by a great orb of eyes for 7 turns
 58615 | Vaults:2 | Mangled by a stone giant

Action                   |  1- 3 |  4- 6 |  7- 9 | 10-12 | 13-15 | 16-18 | 19-21 || total
-------------------------+-------+-------+-------+-------+-------+-------+-------++-------
Melee: Unarmed           |   107 |   336 |   716 |  2012 |  2352 |  2789 |   799 ||  9111
 Fire: Blowgun           |       |       |       |       |     2 |     1 |       ||     3
Throw: Stone             |     2 |     1 |    48 |    28 |     4 |    11 |     5 ||    99
Invok: Lesser Servant of |       |       |       |       |     7 |     5 |       ||    12
       Major Destruction |       |       |       |       |     1 |       |     1 ||     2
       Greater Servant o |       |       |       |       |     1 |     5 |     1 ||     7
 Abil: Fly               |       |       |       |       |       |     2 |       ||     2
Evoke: Wand              |       |       |     1 |     8 |     9 |     2 |     1 ||    21
       Box of beasts     |       |       |       |       |       |     1 |       ||     1
  Use: Potion            |       |     6 |     4 |     2 |       |     6 |       ||    18
       Scroll            |       |     3 |    12 |    12 |     9 |    17 |     7 ||    60
 Stab: Sleeping          |     1 |     4 |     2 |       |       |       |       ||     7
       Confused          |       |       |     1 |       |     1 |       |       ||     2
       Fleeing           |       |       |       |       |     1 |       |       ||     1
       Distracted        |       |       |       |       |     1 |     6 |     1 ||     8
  Eat: Chunk             |     2 |    10 |    17 |    40 |    36 |    41 |    10 ||   156
       Royal jelly       |       |     1 |       |     1 |       |     1 |     1 ||     4
       Fruit             |       |       |     2 |     7 |     7 |     3 |     3 ||    22
       Pizza             |       |       |     1 |     1 |       |     5 |       ||     7
       Beef jerky        |       |       |     1 |       |     2 |     2 |       ||     5
